 Dungeon Crawl Stone Soup version 0.27.1-33-g824d729ab1 (webtiles) character file.

Game seed: 6228555341394920619

2414 lordive the Stinger (level 9, -5/53 HPs)
             Began as an Octopode Venom Mage on Dec 26, 2021.
             Was a Follower of Sif Muna.
             Slain by an orc warrior (16 damage)
             ... on level 8 of the Dungeon.
             The game lasted 00:28:48 (8243 turns).

lordive the Stinger (Octopode Venom Mage)           Turns: 8243, Time: 00:28:49

Health: -5/53      AC:  1    Str:  8    XL:     9   Next: 47%
Magic:  5/17       EV: 13    Int: 20    God:    Sif Muna [*.....]
Gold:   227        SH:  0    Dex: 12    Spells: 11/19 levels left

rFire    . . .     SeeInvis .   t - staff of poison
rCold    . . .     Faith    .   (no shield)
rNeg     . . .     Spirit   .   (helmet restricted)
rPois    +         Reflect  .   a - amulet of regeneration
rElec    .         Harm     .   (no ring)
rCorr    .         Rampage  .   (no ring)
Will     .....                  (no ring)
Stlth    ++++......             (no ring)
HPRegen  1.17/turn              (no ring)
MPRegen  0.15/turn              (no ring)
                                (no ring)
                                (no ring)

@: no status effects
A: almost no armour, amphibious, 8 rings, camouflage 1, gelatinous body 1,
(nimble swimmer 1), tentacles
a: Renounce Religion, Channel Magic


You were on level 8 of the Dungeon.
You worshipped Sif Muna.
Sif Muna was aware of your devotion.
You visited 2 branches of the dungeon, and saw 9 of its levels.
You also visited: Sewer.

You collected 227 gold pieces.

Inventory:

Magical Staves
 t - a staff of poison (weapon)
Jewellery
 a - an amulet of regeneration (around mantle)
 p - an amulet of reflection
 q - an amulet of magic regeneration
 u - a ring of protection from fire
Wands
 w - a wand of mindburst (19)
Scrolls
 b - 10 scrolls of identify {unknown}
 c - 2 scrolls of fog {unknown}
 d - 3 scrolls of teleportation {unknown}
 h - 4 scrolls of fear {unknown}
 j - 2 scrolls of enchant armour {unknown}
 k - a scroll of amnesia {unknown}
 l - 2 scrolls of torment {unknown}
 r - 2 scrolls of blinking {unknown}
 s - a scroll of enchant weapon {unknown}
 y - a scroll of vulnerability {unknown}
Potions
 e - a potion of cancellation {unknown}
 f - a potion of brilliance {unknown}
 g - 2 potions of haste {unknown}
 i - 3 potions of might
 m - 3 potions of mutation {unknown}
 n - a potion of heal wounds {unknown}
 o - a potion of flight {unknown}
 v - a potion of curing {unknown}
 x - 2 potions of invisibility {unknown}


   Skills:
 + Level 1.1 Fighting
 + Level 2.7 Dodging
 + Level 5.1 Stealth
 + Level 0.1 Unarmed Combat
 + Level 5.8 Spellcasting
 * Level 4.7 Conjurations
 + Level 4.8 Transmutations
 * Level 4.6 Fire Magic
 + Level 7.6 Poison Magic


You had 11 spell levels left.
You knew the following spells:

 Your Spells              Type           Power      Damage    Failure   Level
a - Sting                 Tmut/Pois      100%       1d8       1%          1
b - Foxfire               Conj/Fire      96%        2x1d8     1%          1
c - Mephitic Cloud        Conj/Pois/Air  33%        N/A       6%          3
d - Conjure Flame         Conj/Fire      24%        6-21      4%          3

Your spell library contained the following spells:

 Spells                   Type           Power      Damage    Failure   Level
 Poisonous Vapours        Pois/Air       62%        N/A       3%          2
 Olgreb's Toxic Radiance  Pois           53%        N/A       4%          4
 Inner Flame              Hex/Fire       15%        N/A       12%         3
 Summon Guardian Golem    Hex/Summ       5%         N/A       32%         3
 Orb of Destruction       Conj           12%        9d6       100%        7
 Spellforged Servitor     Conj/Summ      7%         N/A       100%        7


Dungeon Overview and Level Annotations

Branches:
Dungeon (8/15)             Temple (1/1) D:5           Sewer (visited)
   Lair: D:8-11

Altars:
Ashenzari
Cheibriados
Dithmenos
Fedhas
Hepliaklqana
Makhleb
Nemelex Xobeh
Okawaru
Qazlal
Ru
Sif Muna
Trog
Uskayaw
Vehumet
Wu Jian
Zin
The Shining One

Shops:
D:2 *=::(   D:4 *


Innate Abilities, Weirdness & Mutations

You cannot wear most types of armour.
You are amphibious.
You can wear up to eight rings at the same time.
Your skin changes colour to match your surroundings (Stealth+).
Your rubbery body absorbs attacks. (AC +1, EV +1)
((You are camouflaged near water. (Stealth+)))
You have tentacles for arms and can constrict up to eight enemies at once.


Message History

You start resting.
A killer bee comes into view.
Casting: Foxfire (safe; 1% risk of failure)
Confirm with . or Enter, or press ? or * to list all spells.
Aiming: Mephitic Cloud (dangerous; 6% risk of failure)
Press: ? - help, Shift-Dir - straight line, f - orc warrior
Aim: an orc warrior, wielding a +0 flail and wearing a +0 plate armour (chance to affect: 81%)
You feel a surge of power!
The ball explodes into a vile cloud!
The stinking cloud engulfs the orc warrior but does no damage.
The killer bee buzzes angrily.
You hear an angry hiss.
You hear a shout!
The orc warrior is engulfed in noxious fumes.
Casting: Mephitic Cloud (dangerous; 6% risk of failure)
Confirm with . or Enter, or press ? or * to list all spells.
Aiming: Sting (safe; 1% risk of failure)
Press: ? - help, Shift-Dir - straight line, f/p - orc warrior
Aim: an orc warrior, wielding a +0 flail and wearing a +0 plate armour (lightly wounded, 78% to hit)
You feel a surge of power!
The sting misses the orc warrior.
The orc warrior hits you with a +0 flail!
A kobold brigand comes into view.
It is wielding a +3 whip and quivering poisoned darts.
The killer bee is engulfed in noxious fumes.
The killer bee appears confused.
The killer bee buzzes around in tight circles.
There is a stone staircase leading up here.
The orc warrior misses you.
You climb upwards.
The sky beast hits you. The sky beast shocks you.
There is a stone staircase leading down, spattered with blood here.
Casting: Sting (safe; 1% risk of failure)
Confirm with . or Enter, or press ? or * to list all spells.
Okay, then.
The orc warrior hits you with a +0 flail!!
* * * LOW HITPOINT WARNING * * *
The sky beast closely misses you.
You climb downwards.
There is a stone staircase leading up here.
The sky beast barely misses you.
The kobold brigand throws a poisoned dart.
The poisoned dart misses you. The sky beast barely misses you.
The orc warrior hits you with a +0 flail!
You die...

##### ....#
#...###### #
#........#
#.##.##.##.....#
.....y'........#
#K<###.## #oY#
#@.# #.## #.#
#.. ###


You could see an orc warrior, a sky beast and a kobold brigand.

Vanquished Creatures
  A yak (D:6)
  Menkaure (D:4)
  A water moccasin (D:5)
  Duvessa (D:6)
  An ice beast (D:6)
  A sky beast (D:6)
  2 black bears
  3 ogres
  7 kobold brigands (Sewer)
  A scorpion (D:5)
  Dowan (D:6)
  3 electric eels (D:6)
  A howler monkey (D:4)
  2 jellies
  A bullfrog zombie (D:6)
  4 hounds
  4 orc priests (D:6)
  Jessica (D:3)
  An iguana (D:3)
  A hound skeleton (D:4)
  Robin (D:3)
  5 gnolls
  3 adders
  A river rat (Sewer)
  A shadow imp (D:6)
  A white imp (D:5)
  A worm (Sewer)
  3 dart slugs
  6 orcs
  9 ball pythons
  17 endoplasms
  9 giant cockroaches
  16 goblins
  9 hobgoblins
  8 jackals
  7 quokkas
  7 bats
  2 frilled lizards
  6 kobolds
  8 rats
158 creatures vanquished.

Vanquished Creatures (others)
  2 orcs (D:6)
  202 foxfires
  5 fungi
  11 plants
220 creatures vanquished.

Grand Total: 378 creatures vanquished

Notes
Turn   | Place    | Note
-------+----------+-------------------------------------------
     0 | D:1      | lordive the Octopode Venom Mage began the quest for the
                  | Orb.
     0 | D:1      | Reached XP level 1. HP: 11/11 MP: 3/3
   166 | D:1      | Reached skill level 4 in Poison Magic
   166 | D:1      | Reached XP level 2. HP: 15/17 MP: 0/5
   557 | D:1      | Reached XP level 3. HP: 19/21 MP: 0/6
   754 | D:1      | Reached skill level 1 in Conjurations
  1230 | D:1      | Found a faded altar of an unknown god.
  1632 | D:2      | Learned a level 1 spell: Foxfire
  1636 | D:2      | Learned a level 3 spell: Mephitic Cloud
  1681 | D:2      | Reached XP level 4. HP: 25/27 MP: 2/7
  1885 | D:2      | Found Olostrid's Jewellery Shop.
  1946 | D:2      | Found Teadat's Book Emporium.
  1958 | D:2      | Found Qixuoto's Antique Weapon Boutique.
  2109 | D:2      | Found Hajil's Book Emporium.
  2379 | D:2      | Found Qapiu's Assorted Antiques.
  3014 | D:3      | Noticed Jessica
  3018 | D:3      | Killed Jessica
  3019 | D:3      | Reached XP level 5. HP: 31/31 MP: 5/9
  3073 | D:3      | Noticed Robin
  3092 | D:3      | Killed Robin
  3302 | D:3      | Found a shadowy altar of Dithmenos.
  3478 | D:3      | Learned a level 3 spell: Conjure Flame
  3856 | D:4      | Found Idurch's Lightly-Used Armoury.
  3937 | D:4      | Reached skill level 5 in Poison Magic
  4364 | D:4      | Reached skill level 1 in Fire Magic
  4364 | D:4      | Reached XP level 6. HP: 31/37 MP: 2/10
  4725 | D:4      | Noticed Menkaure
  4732 | D:4      | Killed Menkaure
  4733 | D:4      | Reached XP level 7. HP: 42/42 MP: 6/11
  4961 | D:5      | Entered Level 5 of the Dungeon
  5001 | D:5      | Reached skill level 6 in Poison Magic
  5575 | D:5      | Found a staircase to the Ecumenical Temple.
  5586 | Temple   | Entered the Ecumenical Temple
  5640 | Temple   | Became a worshipper of Sif Muna the Loreminder
  6090 | D:6      | Noticed Duvessa
  6237 | D:6      | Reached XP level 8. HP: 47/47 MP: 10/14
  6392 | D:6      | Noticed a yak
  6392 | D:6      | Noticed a yak
  6392 | D:6      | Noticed a yak
  6392 | D:6      | Noticed a yak
  6392 | D:6      | Noticed a yak
  6507 | D:6      | Found a glowing drain.
  6531 | Sewer    | Entered a sewer
  6793 | Sewer    | Reached skill level 1 in Fighting
  7080 | Sewer    | Reached skill level 5 in Spellcasting
  7163 | Sewer    | Reached skill level 7 in Poison Magic
  7206 | Sewer    | Reached * piety under Sif Muna
  7382 | Sewer    | Reached XP level 9. HP: 53/53 MP: 12/16
  7643 | D:6      | Noticed Dowan
  7656 | D:6      | Killed Dowan
  7689 | D:6      | Killed Duvessa
  7835 | D:6      | Reached skill level 5 in Stealth
  8243 | D:8      | Slain by an orc warrior

Illustrated notes

Levels and vault maps discovered:
D:1:      scummos_arrival_gate, layout_rooms,
          shapermc_ecumenical_altar_acropolis, minmay_crystal_water
D:2:      layout_basic, serial_shops, shop, nicolae_shop_behind_doors,
          nicolae_square_shop, nicolae_diamond_shop, nicolae_shop_statue_plus,
          serial_bayou_pond_e, hangedman_abyss_or_decor_lesser_grid
D:3:      layout_rooms, nicolae_dithmenos_shadow_blocks, chequers_mini_garden,
          kennysheep_minor_cross, uniq_jessica, uniq_robin
D:4:      layout_basic, roderic_roman_lattice, minmay_shop_damaged,
          uniq_menkaure
D:5:      layout_basic, minmay_temple_entry_stoned_glass, glass_columns_a
D:6:      layout_basic, portal_sewer_entry_f, chequers_big_river,
          kennysheep_cluttered_room, uniq_duvessa
D:7:      layout_basic, gammafunk_temple_of_torment,
          gammafunk_temple_overflow_claw, serial_shops,
          nicolae_shop_overgrown_old_shop
D:8:      hangedman_cross_veins, layout_rooms, grunt_lair_entry_orc_guard_hut,
          serial_shops, shop, nicolae_shop_stone, serial_curves, eino_curves_02,
          eino_curves_01, eino_curves_03, uniq_erica
Temple:   nicolae_temple_elliptical

Skill      XL: |  1  2  3  4  5  6  7  8  9 |
---------------+----------------------------+-----
Poison Magic   | 4 5 6 7 |  7.6
Conjurations   | 1 2 3 4 |  4.7
Transmutations | 2 3 4 |  4.8
Stealth        | 3 4 5 |  5.1
Fire Magic     | 1 2 4 |  4.6
Spellcasting   | 3 4 5 |  5.8
Fighting       | 1 |  1.1
Dodging        | |  2.7
Unarmed Combat | |  0.1

Action                   |  1- 3 |  4- 6 |  7- 9 || total
-------------------------+-------+-------+-------++-------
Melee: Unarmed           |    25 |     5 |       ||    30
       Constrict         |     6 |     1 |     1 ||     8
       Tentacles         |     2 |       |     1 ||     3
       Staff             |       |       |     2 ||     2
 Cast: Sting             |    66 |   102 |    81 ||   249
       Foxfire           |       |    25 |    96 ||   121
       Mephitic Cloud    |       |       |     5 ||     5
Armor: Skin              |     9 |     4 |     2 ||    15
Dodge: Dodged            |    73 |    69 |    38 ||   180
